 Dungeon Crawl Stone Soup version 0.31-a0-7-g51783674b7 (webtiles) character file.

Game seed: 12231213028685057351

110 wotkd0121004 the Sneak (level 4, -1/27 HPs)
             Began as an Octopode Earth Elementalist on May 6, 2023.
             Slain by Edmund
             ... wielding a +4 flail of holy wrath
              (10 damage)
             ... on level 4 of the Dungeon.
             The game lasted 00:06:01 (2283 turns).

wotkd0121004 the Sneak (OpEE)                       Turns: 2283, Time: 00:06:02

Health: -1/27      AC:  2    Str:  7    XL:     4   Next: 91%
Magic:  2/7        EV: 13    Int: 19    God:
Gold:   173        SH:  0    Dex: 12    Spells: 3/7 levels left

rFire   + . .        c - +0 long sword (flame)
rCold   + . .        (no shield)
rNeg    . . .        n - +1 hat
rPois   +            (no amulet)
rElec   +            (no ring)
rCorr   +            (no ring)
SInv    .            (no ring)
Will    .....        (no ring)
Stlth   +++          (no ring)
HPRegen 0.24/turn    (no ring)
MPRegen 0.10/turn    (no ring)
                     (no ring)

%: no passive effects
@: resistant, hasted, studying Unarmed Combat, very quick
A: almost no armour, amphibious, 8 rings, camouflage 1, gelatinous body 1,
(nimble swimmer 1), tentacles
a: no special abilities


You were on level 4 of the Dungeon.
You visited 1 branch of the dungeon, and saw 4 of its levels.

You collected 173 gold pieces.

Inventory:

Hand Weapons
 c - a +0 long sword of flaming (weapon)
 q - a +2 vampiric whip
Missiles
 b - 16 stones
Armour
 n - a +1 hat (worn)
Scrolls
 d - a scroll of immolation {unknown}
 g - 3 scrolls of teleportation {unknown}
 j - a scroll of summoning {unknown}
 k - 2 scrolls of identify {unknown}
 l - a scroll of brand weapon {unknown}
 m - a scroll of fear {unknown}
 s - a scroll of silence {unknown}
 t - a scroll of vulnerability {unknown}
Potions
 a - a potion of magic
 e - 3 potions of haste
 f - a potion of invisibility {unknown}
 h - a potion of resistance
 i - a potion of curing
 o - a potion of mutation {unknown}
 p - a potion of might {unknown}
 r - a potion of ambrosia {unknown}


   Skills:
 + Level 2.6 Dodging
 + Level 3.7 Stealth
 + Level 2.4 Spellcasting
 * Level 2.7 Transmutations
 + Level 3.4 Earth Magic


You had 3 spell levels left.
You knew the following spells:

 Your Spells              Type           Power      Damage    Failure   Level
a - Sandblast             Erth           30%        2d9       3%          1
b - Stone Arrow           Conj/Erth      16%        3d8       24%         3

Your spell library contained the following spells:

 Spells                   Type           Power      Damage    Failure   Level
 Passwall                 Tmut/Erth      11%        N/A       7%          2
 Petrify                  Tmut/Erth      14%        N/A       41%         4


Dungeon Overview and Level Annotations

Branches:
Dungeon (4/15)
 Temple: D:4-7

Altars:
Xom
Yredelemnul

Shops:
D:3 *   D:4 (

Annotations:
D:4 Edmund


Innate Abilities, Weirdness & Mutations

You cannot wear most types of armour.
You are amphibious.
You can wear up to eight rings at the same time.
Your skin changes colour to match your surroundings (Stealth+).
Your rubbery body absorbs attacks. (AC +1, EV +1)
((You are camouflaged when in or above water. (Stealth+)))
You have tentacles for arms and can constrict up to eight enemies at once.


Message History

Press: ? - help, Shift-Dir - straight line, f/p - Edmund
Aim: Edmund, wielding a +4 flail of holy wrath and wearing a +3 ring mail of fire resistance (lightly wounded, 84% to hit)
The blast of sand hits Edmund but does no damage.
Edmund is lightly wounded.
Unknown command.
Casting: Sandblast (safe; 3% risk of failure)
Confirm with . or Enter, or press ? or * to list all spells.
Aiming: Sandblast (safe; 3% risk of failure)
Press: ? - help, Shift-Dir - straight line, f/p - Edmund
Aim: Edmund, wielding a +4 flail of holy wrath and wearing a +3 ring mail of fire resistance (lightly wounded, 84% to hit)
The blast of sand hits Edmund but does no damage.
Edmund is lightly wounded.
Unknown command.
Your magical contamination has completely faded away.
Found 12 gold pieces.
Casting: Sandblast (safe; 3% risk of failure)
Confirm with . or Enter, or press ? or * to list all spells.
The spell is extremely dangerous to miscast (24% risk of failure)!
Continue anyway?
Okay, then.
Casting: Stone Arrow (extremely dangerous; 24% risk of failure)
Confirm with . or Enter, or press ? or * to list all spells.
Aiming: Sandblast (safe; 3% risk of failure)
Press: ? - help, Shift-Dir - straight line, f/p - Edmund
Aim: Edmund, wielding a +4 flail of holy wrath and wearing a +3 ring mail of fire resistance (lightly wounded, 84% to hit)
The blast of sand hits Edmund!
Edmund is moderately wounded.
Unknown command.
You closely miss Edmund. You grab Edmund.
Edmund is moderately wounded.
You constrict Edmund, but do no damage.
Edmund hits you with a +4 flail of holy wrath.
You hit Edmund. You squeeze Edmund.
Edmund is heavily wounded.
You constrict Edmund.
Edmund hits you with a +4 flail of holy wrath.
You hit Edmund.
Edmund is severely wounded.
You constrict Edmund, but do no damage.
Edmund hits you with a +4 flail of holy wrath!
You die...

########### #.........#
...########.#######.#
.......@@.......###.####
$#.######...###.........
#.....######.###. #.#
##...#######.# #. ...
##..........# #.
###.#### #.########## #.
#......# #.# ###### ##
#.#.##.# ##'## ###..###
# #.#.##.#
##...#####..### #


You could see Edmund.

Vanquished Creatures
  A jelly (D:4)
  A hound zombie (D:3)
  An adder (D:3)
  An adder zombie (D:3)
  A dart slug (D:1)
  3 orcs
  2 endoplasms (D:1)
  2 giant cockroaches
  2 hobgoblins
  3 jackals (D:4)
  3 quokkas
  4 ball pythons
  A ball python zombie (D:3)
  5 bats
  3 frilled lizards
  6 goblins (D:1)
  5 kobolds
  4 rats
48 creatures vanquished.

Notes
Turn   | Place    | Note
-------+----------+-------------------------------------------
     0 | D:1      | wotkd0121004 the Octopode Earth Elementalist began the
                  | quest for the Orb.
     0 | D:1      | Reached XP level 1. HP: 11/11 MP: 3/3
    75 | D:1      | You fall into a shaft and drop 1 floor!
   161 | D:1      | Reached XP level 2. HP: 17/17 MP: 5/5
   631 | D:1      | Reached XP level 3. HP: 21/21 MP: 6/6
  1143 | D:3      | Found a basalt altar of Yredelemnul.
  1204 | D:3      | Found a faded altar of an unknown god.
  1235 | D:3      | Reached XP level 4. HP: 14/27 MP: 4/7
  1335 | D:3      | Found a shimmering altar of Xom.
  1487 | D:3      | Found Yhucsife's General Store.
  1505 | D:3      | Identified the +0 robe of the Imp {rF- rN+ Will+ Regen+}
  1919 | D:4      | Noticed a scorpion
  2220 | D:4      | Found Hiwa's Antique Weapon Boutique.
  2240 | D:4      | Noticed Edmund
  2248 | D:4      | Learned a level 3 spell: Stone Arrow
  2283 | D:4      | Slain by Edmund

Illustrated notes

Levels and vault maps discovered:
D:1:      wander_arrival_fairy_ring, layout_loops_ring, minmay_heptomino_d4
D:2:      layout_basic
D:3:      layout_loops_cross, lemuel_crystal_altar,
          nicolae_yredelemnul_corpse_copse, ebering_ecumenical_altar_hall,
          serial_shops, shop
D:4:      layout_loops_corners, serial_shops, nicolae_square_shop,
          grunt_ministairs_14, dk_noncrumbling_4, uniq_edmund

Skill      XL: |  1  2  3 |
---------------+----------+-----
Stealth        | 3 |  3.7
Transmutations | 2 |  2.7
Dodging        | |  2.6
Spellcasting   | |  2.4
Earth Magic    | |  3.4

Action                     |  1- 3 |  4- 6 || total
---------------------------+-------+-------++-------
  Melee: Long sword        |    54 |    17 ||    71
         Unarmed           |     5 |       ||     5
         Constrict         |     9 |     3 ||    12
         Tentacles         |     7 |     3 ||    10
         Punch             |       |     1 ||     1
   Cast: Sandblast         |     6 |    17 ||    23
    Use: Potion            |       |     3 ||     3
   Stab: Sleeping          |    10 |     3 ||    13
 Armour: Skin              |     5 |     2 ||     7
  Dodge: Dodged            |    48 |    11 ||    59

Table legend: (Time is in decaauts)
 A = Elapsed time spent in this place.
 B = Non-inter-level travel time spent in this place.
 C = Inter-level travel time spent in this place.
 D = Time resting spent in this place.
 E = Time spent auto-exploring this place.
 F = Levels seen in this place.
 G = Mean time per level.
                   A        B        C        D        E       F      G
               +--------+--------+--------+--------+--------+-----+--------+
         Total |   2311 |   2235 |     76 |    196 |   1537 |   4 |  577.8 |
       Dungeon |   2311 |   2235 |     76 |    196 |   1537 |   4 |  577.8 |
               +--------+--------+--------+--------+--------+-----+--------+

Top non-repeatable levels by time:
     D:3: 880 daAuts
     D:1: 727 daAuts
     D:4: 357 daAuts
     D:2: 345 daAuts
